 Dungeon Crawl Stone Soup version 0.30-b1-2-g02819fbbbe (webtiles) character file.

Game seed: 18209993559331523377

317 Maffolandro the Chiller (level 6, -3/41 HPs)
             Began as a Human Wanderer on Dec 23, 2023.
             Slain by a nameless horror (10 damage)
             ... created by miscasting Summon Ice Beast
             ... on level 4 of the Dungeon.
             The game lasted 00:11:04 (3312 turns).

Maffolandro the Chiller (Human Wanderer)            Turns: 3312, Time: 00:11:04

Health: -3/41      AC:  6    Str: 10    XL:     6   Next: 73%
Magic:  0/10       EV: 11    Int: 17    God:
Gold:   123        SH:  0    Dex: 12    Spells: 3/11 levels left

rFire   . . .        a - +2 short sword (holy)
rCold   . . .        (no shield)
rNeg    . . .        y - +1 leather armour {Will+}
rPois   .            (no helmet)
rElec   .            (no cloak)
rCorr   .            d - +0 pair of gloves
SInv    .            p - +0 pair of boots
Will    +....        (no amulet)
Stlth   +            (no ring)
HPRegen 0.26/turn    (no ring)
MPRegen 0.12/turn

%: no passive effects
@: no status effects
A: no striking features
a: no special abilities


You were on level 4 of the Dungeon.
You visited 1 branch of the dungeon, and saw 5 of its levels.

You collected 123 gold pieces.

Inventory:

Hand Weapons
 a - a +2 short sword of holy wrath (weapon)
 b - a +0 sling
 c - a +0 quarterstaff
Missiles
 e - 11 poisoned darts (quivered)
Armour
 d - a +0 pair of gloves (worn)
 p - a +0 pair of boots (worn)
 y - a +1 leather armour of willpower (worn)
Scrolls
 f - a scroll of fog
 j - a scroll of magic mapping {unknown}
 k - a scroll of torment {unknown}
 l - a scroll of teleportation {unknown}
 m - 2 scrolls of identify {unknown}
 n - a scroll of poison {unknown}
 r - a scroll of brand weapon {unknown}
 s - a scroll of blinking {unknown}
 v - a scroll of fear {unknown}
 w - a scroll of amnesia {unknown}
Potions
 g - a potion of mutation {unknown}
 h - a potion of resistance {unknown}
 i - 2 potions of brilliance {unknown}
 o - a potion of heal wounds {unknown}
 q - 2 potions of lignification {unknown}
 t - a potion of might {unknown}
 u - 3 potions of curing {unknown}
 x - a potion of haste {unknown}


   Skills:
 - Level 2.0 Armour
 - Level 2.0 Dodging
 + Level 3.2 Spellcasting
 * Level 3.2 Summonings
 - Level 2.0 Necromancy
 + Level 4.9 Ice Magic


You had 3 spell levels left.
You knew the following spells:

 Your Spells              Type           Power      Damage    Failure   Level
a - Freeze                Ice            76%        1d8       3%          1
b - Ozocubu's Armour      Ice            19%        N/A       9%          3
c - Summon Ice Beast      Ice/Summ       16%        N/A       38%         4

Your spell library contained the following spells:

 Spells                   Type           Power      Damage    Failure   Level
 Necrotise                Necr           36%        1d5       10%         1
 Magic Dart               Conj           8%         1d3       22%         1
 Vampiric Draining        Necr           9%         2d6       30%         3
 Searing Ray              Conj           4%         2d4       34%         2
 Dazzling Flash           Conj/Hex       4%         N/A       56%         3
 Inner Flame              Hex/Fire       2%         N/A       56%         3
 Volatile Blastmotes      Fire/Tloc      4%         2d10      56%         3
 Flame Wave               Conj/Fire      2%         2d4       92%         4
 Fulminant Prism          Conj/Hex       1%         3d5       92%         4
 Iskenderun's Mystic Bla  Conj/Tloc      2%         2d3       92%         4
 Sticky Flame             Conj/Fire      2%         2d3       92%         4
 Starburst                Conj/Fire      1%         6d3       100%        6


Dungeon Overview and Level Annotations

Branches:
Dungeon (5/15)
 Temple: D:4-7

Altars:
Ru

Annotations:
D:4 exclusion: ogre


Message History

Unknown command.
Okay, then.
You aren't carrying any items that you can evoke.
Unknown command.
You hit the nameless horror.
The nameless horror is heavily damaged.
The nameless horror hits you but does no damage.
Your magical contamination has completely faded away.
You barely miss the nameless horror.
The nameless horror is heavily damaged.
The nameless horror hits you.
You hit the nameless horror.
The nameless horror is heavily damaged.
The nameless horror hits you!
* * * LOW HITPOINT WARNING * * *
You hit the nameless horror.
The nameless horror is severely damaged.
The nameless horror hits you.
* * * LOW HITPOINT WARNING * * *
You feel your power leaking away.
You hit the nameless horror but do no damage.
The nameless horror is severely damaged.
The nameless horror completely misses you.
You hit the nameless horror but do no damage.
The nameless horror is severely damaged.
The nameless horror barely misses you.
You hit the nameless horror but do no damage.
The nameless horror is severely damaged.
The nameless horror hits you.
* * * LOW HITPOINT WARNING * * *
You hit the nameless horror but do no damage.
The nameless horror is severely damaged.
The nameless horror barely misses you.
You barely miss the nameless horror.
The nameless horror is severely damaged.
The nameless horror barely misses you.
You hit the nameless horror.
The nameless horror is severely damaged.
The nameless horror hits you!
You die...

.#.# ####..............$
.#.###.....>...........
....................#
................?...#
##.######.........############
#.# ##.#...#.###.........# #.#
###........##.........# #.#
###....#......#(........#
#.###...#.####X@#...........#
#.##..###.####..###.........#
#.##)###..#.....[##.........#
#.#..###.##.####............#
#.......<##.######.##########
#.####......<.......##
##.##.......#.##.###..#
......#.....#.##.# ##.#
##.####>....#.##.#
#รท#########


You could see a nameless horror.

Vanquished Creatures
  A scorpion (D:5)
  2 hounds
  A sleepcap (D:4)
  A hound zombie (D:3)
  A gnoll (D:5)
  4 adders
  2 ufetubi (D:4)
  An adder zombie (D:3)
  3 adder skeletons (D:3)
  3 worms
  4 orcs (D:5)
  2 ball pythons
  3 endoplasms
  3 giant cockroaches
  6 goblins
  7 hobgoblins
  6 kobolds
  6 quokkas
  7 bats
  5 frilled lizards
  A giant cockroach zombie (D:3)
  A quokka skeleton (D:3)
  9 rats
79 creatures vanquished.

Vanquished Creatures (others)
  3 withered plants (D:3)
3 creatures vanquished.

Grand Total: 82 creatures vanquished

Notes
Turn   | Place    | Note
-------+----------+-------------------------------------------
     0 | D:1      | Maffolandro the Human Wanderer began the quest for the Orb.
     0 | D:1      | Maffolandro set off with the following items: a +0 dagger,
                  | a scroll of fog, a +0 robe, a +0 pair of gloves; and the
                  | following spells available to memorise: Freeze, Necrotise,
                  | Ozocubu's Armour, Vampiric Draining, Summon Ice Beast.
     0 | D:1      | Reached XP level 1. HP: 13/13 MP: 2/2
     2 | D:1      | Learned a level 1 spell: Freeze
   199 | D:1      | Reached XP level 2. HP: 19/19 MP: 1/3
   495 | D:1      | Reached skill level 4 in Ice Magic
   495 | D:1      | Reached XP level 3. HP: 23/24 MP: 0/4
   611 | D:1      | Found a faded altar of an unknown god.
  1077 | D:2      | Reached XP level 4. HP: 30/30 MP: 3/6
  1082 | D:2      | Learned a level 4 spell: Summon Ice Beast
  1914 | D:3      | Reached skill level 1 in Summonings
  2078 | D:3      | Reached XP level 5. HP: 32/35 MP: 8/8
  2328 | D:3      | Found a sacrificial altar of Ru.
  2635 | D:4      | Noticed an ogre
  2790 | D:4      | Learned a level 3 spell: Ozocubu's Armour
  2974 | D:5      | Entered Level 5 of the Dungeon
  2974 | D:5      | Noticed an ogre
  3070 | D:4      | Reached XP level 6. HP: 31/41 MP: 1/10
  3290 | D:5      | Noticed a nameless horror
  3312 | D:4      | Slain by a nameless horror

Illustrated notes

Levels and vault maps discovered:
D:1:      saegor_arrival_simple_d, layout_basic, basic_ecumenical_altar
D:2:      layout_basic, minmay_tripent
D:3:      layout_basic, marbit_many_paths, serial_undead, serial_undead_a,
          serial_undead_e, serial_undead_e, serial_undead_b
D:4:      layout_rooms
D:5:      cheibrodos_helix_gallery, layout_rooms, sigmund_edmund_badplayer,
          uniq_sigmund, uniq_edmund, uniq_grinder

Skill      XL: |  1  2  3  4  5  6 |
---------------+-------------------+-----
Ice Magic      | 4 |  4.9
Spellcasting   | 2 3 |  3.2
Summonings     | 1 2 3 |  3.2
Armour         | |  2.0
Dodging        | |  2.0
Necromancy     | |  2.0

Action                     |  1- 3 |  4- 6 || total
---------------------------+-------+-------++-------
  Melee: Short sword       |       |    56 ||    56
   Fire: Sling             |    58 |    90 ||   148
   Cast: Freeze            |    27 |    53 ||    80
         Ozocubu's Armour  |       |     1 ||     1
   Stab: Sleeping          |       |     1 ||     1
 Armour: Robe              |     2 |    23 ||    25
         Leather armour    |       |     7 ||     7
  Dodge: Dodged            |    19 |    78 ||    97
